 Dungeon Crawl Stone Soup version 0.26.1-11-gd32895ea62 (webtiles) character file.

Game seed: 8617963509884630681

22514 Quickbrownfox the Slicer (level 12, -23/108 HPs)
             Began as a Minotaur Monk on Apr 14, 2021.
             Was an Initiate of Gozag.
             Killed from afar by a fire giant (39 damage)
             ... with a bolt of fire
             ... on level 12 of the Dungeon.
             The game lasted 00:26:39 (14145 turns).

Quickbrownfox the Slicer (Minotaur Monk)           Turns: 14145, Time: 00:26:40

Health: -23/108    AC: 11    Str: 31 (34) XL:     12   Next: 63%
Magic:  11/11      EV: 18    Int: 10 (11) God:    Gozag
Gold:   907        SH:  5    Dex: 15      Spells: 11/11 levels left

rFire    . . .     SeeInvis .   O - +8 rapier of Ambiguity {venom, +Blink rPois}
rCold    . . .     Faith    .   (no shield)
rNeg     + + .     Spirit   .   T - +0 leather armour of a bazaar {Str+5 Slay+3}
rPois    +         Reflect  +   (helmet restricted)
rElec    .         Harm     .   E - +0 cloak
rCorr    .         Rampage  .   l - +1 pair of gloves
Will     +....                  V - +0 pair of boots (curse)
Stlth    +++.......             C - amulet of reflection
HPRegen  0.28/turn              t - +6 ring of strength
MPRegen  0.12/turn              R - ring "Votuf" {rN++ Will+ Str+4 Int+2}

@: no status effects
A: retaliatory headbutt, horns 2, icy blue scales 1, clever 1, sense
surroundings 1, evolution 1, MP-powered wands
a: Renounce Religion, Evoke Blink, Potion Petition, Call Merchant, Bribe Branch


You were on level 12 of the Dungeon.
You worshipped Gozag.
Gozag was pleased with you.
You visited 1 branch of the dungeon, and saw 12 of its levels.

You collected 2715 gold pieces.
You spent 1192 gold pieces at shops.
You paid 616 gold pieces to Gozag.

Inventory:

Hand Weapons
 i - the +12 dagger of the Shoals {flame, rF+}
   (You found it on level 4 of the Dungeon)

   It has been specially enchanted to burn those struck by it, causing extra
   injury to most foes and up to half again as much damage against particularly
   susceptible opponents.
   It protects you from fire.
 B - a +2 antimagic halberd
 L - a +1 war axe of electrocution
 M - a +2 hand axe of electrocution
 O - the +8 rapier of Ambiguity (weapon) {venom, +Blink rPois}
   (You found it on level 11 of the Dungeon)

   It poisons the flesh of those it strikes.
   It protects you from poison.
   It lets you blink.
Missiles
 b - 6 javelins
 p - 10 poisoned darts (quivered)
Armour
 l - a +1 pair of gloves (worn)
 n - a +3 ring mail of poison resistance
 E - a +0 cloak (worn)
 T - the +0 leather armour of a bazaar (worn) {Str+5 Slay+3}
   (You bought it in a shop on level 11 of the Dungeon)

   It affects your strength (+5).
   It affects your accuracy and damage with ranged weapons and melee attacks
   (+3).
 V - a cursed +0 pair of boots (worn)
Jewellery
 c - a +6 ring of intelligence
 h - an uncursed amulet of guardian spirit {unknown}
 t - a +6 ring of strength (left hand)
 u - a +4 ring of protection {unknown}
 x - an uncursed ring of poison resistance
 C - an amulet of reflection (around neck)
 I - an uncursed ring of ice {unknown}
 N - the ring "Tidoeziu" {Will+ Int+6}
   (You bought it in a shop on level 10 of the Dungeon)

   [ring of intelligence]

   It affects your intelligence (+6).
   It affects your willpower, your defense against some magical effects.
 Q - an uncursed ring of see invisible {unknown}
 R - the ring "Votuf" (right hand) {rN++ Will+ Str+4 Int+2}
   (You bought it in a shop on level 10 of the Dungeon)

   [ring of willpower]

   It affects your strength (+4).
   It affects your intelligence (+2).
   It greatly protects you from negative energy.
   It affects your willpower, your defense against some magical effects.
 W - a +4 ring of protection {unknown}
Wands
 r - a wand of enslavement (6)
 y - a wand of acid (16)
 F - a wand of iceblast (25)
 J - a wand of polymorph (18)
 P - a wand of digging (3)
Scrolls
 a - 2 scrolls of summoning {unknown}
 d - 9 scrolls of remove curse
 g - 2 scrolls of magic mapping
 m - 4 scrolls of teleportation
 q - 3 scrolls of enchant armour
 s - 5 scrolls of amnesia
 H - a scroll of fear
 Y - a scroll of fog
Potions
 e - 5 potions of curing
 f - 3 potions of flight
 o - 2 potions of ambrosia
 v - 2 potions of cancellation
 w - a potion of invisibility
 z - 4 potions of lignification
 A - 2 potions of degeneration
 D - a potion of haste
 G - a potion of resistance
 K - a potion of mutation
 S - a potion of brilliance
 U - a potion of might {unknown}


   Skills:
 + Level 10.6 Fighting
 + Level 11.0 Short Blades
 + Level 6.7(8.1) Axes
 + Level 6.9(8.2) Maces & Flails
 + Level 5.3 Throwing
 + Level 9.3 Armour
 + Level 9.1 Dodging
 + Level 6.2 Stealth
 + Level 6.8 Shields
 + Level 1.6 Evocations


You had 11 spell levels left.
You didn't know any spells.
Your spell library contained the following spells:

 Spells                   Type           Power        Failure   Level
 Animate Skeleton         Necr           0%           38%         1
 Apportation              Tloc           0%           38%         1
 Corona                   Hex            0%           38%         1
 Magic Dart               Conj           0%           38%         1
 Summon Small Mammal      Summ           0%           38%         1
 Searing Ray              Conj           0%           52%         2
 Confusing Touch          Hex            0%           77%         3
 Dazzling Flash           Conj/Hex       0%           77%         3
 Gell's Gravitas          Tloc           0%           77%         3
 Cause Fear               Hex            0%           99%         4
 Fulminant Prism          Conj/Hex       0%           99%         4
 Iskenderun's Mystic Bla  Conj/Tloc      0%           99%         4
 Petrify                  Tmut/Erth      0%           99%         4
 Metabolic Englaciation   Hex/Ice        0%           100%        5
 Silence                  Hex/Air        0%           100%        5
 Yara's Violent Unravell  Hex/Tmut       0%           100%        5
 Discord                  Hex            0%           100%        8


Dungeon Overview and Level Annotations

Branches:
Dungeon (12/15)            Temple (0/1) D:6            Lair (0/6) D:9
    Orc (0/2) D:12

Altars:
Cheibriados
Dithmenos
Gozag
Hepliaklqana
Kikubaaqudgha
Makhleb
Nemelex Xobeh
Okawaru
Qazlal
Ru
Sif Muna
Trog
Wu Jian

Shops:
D:4 *   D:5 =}=:   D:10 *   D:11 *


Innate Abilities, Weirdness & Mutations

You reflexively headbutt those who attack you in melee.
You have a pair of horns on your head.
You are partially covered in icy blue scales. (AC +2)
Your mind is acute. (Int +2)
You passively map a small area around you.
You evolve.
You expend magic power (3 MP) to strengthen your wands.


Message History

The fireball explodes!
The fireball engulfs you!!!
Ouch! That really hurt!
There is an open door here.
You block the fire giant's attack.
You puncture the fire giant!
The fire giant looks as sick as possible!
You headbutt the fire giant.
The fire giant is lightly wounded.
You puncture the fire giant!
The fire giant looks as sick as possible!
The fire giant is moderately wounded.
The fire giant points at you and mumbles some strange words.
The fireball explodes!
The fireball engulfs you!!!
* * * LOW HITPOINT WARNING * * *
The fireball engulfs the fire giant!
The fire giant resists.
You feel better.
The fire giant gestures at you while chanting.
The bolt of fire hits you!!!
You die...
Your body crumbles into a pile of gold.

#......######'#####)## #.####.
######## #.#...###...# #.# ##.
##.'..##.....#### #.# #.. #
#..#.##......#..###.# #.. #
#..###.#######..#...####. ##
##..##..#* ***#.......# #.
.#######...##..# *#[......# ##
.......#...#...####=##.......##
#
.......#...#...'@C..##........#
#
.......#...#...#######....###.#
.......##'############....###.##
........#.# #.........^.##..##
..........# ##..........##....
..........### ##........###....
............## ###.....####..##
..........#..### ###..## #..###
..........##...### #### ##..#


You could see a fire giant (extremely poisoned).

Vanquished Creatures
  A sphinx (D:12)
  Snorg (D:10)
  A yaktaur captain (D:12)
  A hydra (shapeshifter) (D:12)
  2 boulder beetles (D:12)
  Erica (D:11)
  2 two-headed ogres
  2 tengu warriors
  Urug (D:11)
  An unseen horror (D:10)
  Pikel (D:8)
  3 cyclopes
  An ugly thing (D:11)
  A gargoyle (D:11)
  Psyche (D:8)
  A kobold demonologist (D:11)
  A meliai (shapeshifter) (D:9)
  2 trolls
  A hornet (D:11)
  Grinder (D:5)
  A centaur simulacrum (D:12)
  4 yaks (D:9)
  2 shadows (D:12)
  A wraith (D:10)
  2 wyverns (D:9)
  2 basilisks (D:9)
  4 wargs (D:12)
  An acid dragon (D:11)
  6 water moccasins
  4 ice beasts
  5 sky beasts
  4 black bears
  5 orc warriors
  4 ogres
  9 centaurs
  A big kobold (D:8)
  10 bullfrogs
  6 scorpions
  6 killer bees (D:10)
  3 wights (D:12)
  6 howler monkeys
  2 electric eels (D:11)
  3 bullfrog zombies (D:6)
  5 centaur zombies
  A jelly (D:12)
  A quasit (D:10)
  10 hounds
  7 orc priests
  2 bullfrog skeletons (D:8)
  7 iguanas
  Terence (D:2)
  12 worker ants
  12 orc wizards
  3 hound zombies
  2 hound skeletons (D:10)
  A worker ant zombie (D:6)
  3 gnolls (D:5)
  9 adders
  4 white imps
  An adder zombie (D:6)
  2 adder skeletons
  3 worms
  4 dart slugs
  5 leopard geckos
  31 orcs
  8 giant cockroaches
  9 goblins
  3 hobgoblins
  9 jackals
  16 kobolds
  6 quokkas
  3 ball pythons
  9 bats
  5 frilled lizards
  A leopard gecko zombie (D:3)
  A quokka skeleton (D:5)
  5 rats
318 creatures vanquished.

Vanquished Creatures (others)
  A fungus (D:9)
  7 plants (D:9)
8 creatures vanquished.

Grand Total: 326 creatures vanquished

Notes
Turn   | Place    | Note
-------+----------+-------------------------------------------
     0 | D:1      | Quickbrownfox the Minotaur Monk began the quest for the
                  | Orb.
     0 | D:1      | Reached XP level 1. HP: 19/19 MP: 0/0
    73 | D:1      | Reached XP level 2. HP: 26/27 MP: 1/1
   586 | D:1      | Reached XP level 3. HP: 34/34 MP: 2/2
   901 | D:2      | Noticed Terence
   922 | D:2      | Killed Terence
  1121 | D:2      | Reached XP level 4. HP: 38/41 MP: 3/3
  1239 | D:2      | Found a burning altar of Makhleb.
  1741 | D:3      | Reached skill level 5 in Maces & Flails
  1942 | D:3      | Reached XP level 5. HP: 33/47 MP: 4/4
  2753 | D:4      | Reached skill level 1 in Armour
  2762 | D:4      | Reached skill level 5 in Fighting
  2778 | D:4      | Gained mutation: You passively map a small area around you.
                  | [potion of mutation]
  2778 | D:4      | Gained mutation: Scrolls take you a little longer to read.
                  | [potion of mutation]
  2778 | D:4      | Gained mutation: Your mind is acute. (Int +2) [potion of
                  | mutation]
  2792 | D:4      | Found Qudduca Gipu's General Store.
  2801 | D:4      | Bought a potion of curing for 33 gold pieces
  3032 | D:4      | Got an ichor-stained dagger
  3033 | D:4      | Identified the +12 dagger of the Shoals {flame, rF+} (You
                  | found it on level 4 of the Dungeon)
  3317 | D:5      | Entered Level 5 of the Dungeon
  3370 | D:5      | Found a snail-covered altar of Cheibriados.
  3471 | D:5      | Reached XP level 6. HP: 52/56 MP: 5/5
  3507 | D:5      | Noticed Grinder
  3514 | D:5      | Reached skill level 1 in Short Blades
  3520 | D:5      | Killed Grinder
  3521 | D:5      | Reached XP level 7. HP: 51/61 MP: 6/6
  3645 | D:5      | Lost mutation: Scrolls take you a little longer to read.
                  | [potion of mutation]
  3645 | D:5      | Lost mutation: Your mind is acute. (Int +2) [potion of
                  | mutation]
  3645 | D:5      | Lost mutation: You passively map a small area around you.
                  | [potion of mutation]
  3645 | D:5      | Gained mutation: You are frail. (-10% HP) [potion of
                  | mutation]
  3645 | D:5      | Gained mutation: Your mind is acute. (Int +2) [potion of
                  | mutation]
  3645 | D:5      | Gained mutation: You evolve. [potion of mutation]
  3645 | D:5      | Gained mutation: You are partially covered in icy blue
                  | scales. (AC +2) [potion of mutation]
  3901 | D:5      | Found Nukassagh's Jewellery Shop.
  3903 | D:5      | Found Varaqen's Book Shop.
  3904 | D:5      | Found Ranocoi's Jewellery Shop.
  3908 | D:5      | Found Jeutinau's Gadget Shop.
  3923 | D:5      | Bought an uncursed amulet of reflection for 300 gold pieces
  3989 | D:5      | Reached skill level 2 in Short Blades
  4450 | D:6      | Reached skill level 5 in Dodging
  4653 | D:6      | Found an opulent altar of Gozag.
  4670 | D:6      | Reached skill level 3 in Short Blades
  4677 | D:6      | Became a worshipper of Gozag Ym Sagoz the Greedy
  4697 | D:6      | Reached XP level 8. HP: 63/63 MP: 7/7
  4731 | D:6      | Found an ancient bone altar of Kikubaaqudgha.
  4772 | D:6      | Found a staircase to the Ecumenical Temple.
  5050 | D:6      | Found a sparkling altar of Nemelex Xobeh.
  5184 | D:6      | Reached skill level 1 in Throwing
  5184 | D:6      | Reached skill level 5 in Armour
  5232 | D:6      | Lost mutation: You are frail. (-10% HP) [evolution]
  5384 | D:6      | Reached skill level 4 in Short Blades
  5600 | D:7      | Found a shadowy altar of Dithmenos.
  5600 | D:7      | Found a hazy altar of Hepliaklqana.
  5612 | D:7      | Reached skill level 1 in Shields
  5751 | D:7      | Found a stormy altar of Qazlal.
  5771 | D:7      | Reached skill level 5 in Short Blades
  6009 | D:7      | Reached XP level 9. HP: 75/75 MP: 8/8
  6014 | D:7      | Found a sacrificial altar of Ru.
  6331 | D:7      | Found an ornate altar of the Wu Jian Council.
  6767 | D:8      | Noticed Pikel
  6777 | D:8      | Killed Pikel
  6778 | D:8      | Reached skill level 6 in Short Blades
  6909 | D:8      | Noticed Psyche
  6918 | D:8      | Killed Psyche
  6937 | D:8      | Reached skill level 7 in Short Blades
  7507 | D:9      | Found a bloodstained altar of Trog.
  7572 | D:9      | Reached skill level 1 in Evocations
  7580 | D:9      | Found an iron altar of Okawaru.
  7634 | D:9      | Reached XP level 10. HP: 86/86 MP: 9/9
  7668 | D:9      | Reached skill level 8 in Short Blades
  7679 | D:9      | Found a staircase to the Lair.
  8112 | D:10     | Entered Level 10 of the Dungeon
  8175 | D:10     | Gained mutation: You expend magic power (3 MP) to
                  | strengthen your wands. [evolution]
  8221 | D:10     | Noticed a two-headed ogre
  8228 | D:10     | Killed a two-headed ogre
  8229 | D:10     | Reached skill level 9 in Short Blades
  8229 | D:10     | Reached skill level 1 in Axes
  8230 | D:10     | Reached skill level 5 in Stealth
  8252 | D:10     | Killed an unseen horror
  8573 | D:10     | Noticed an orb spider
  8595 | D:10     | an orb spider changed into a polar bear
  8610 | D:9      | Reached skill level 5 in Shields
  8610 | D:9      | Reached XP level 11. HP: 36/95 MP: 10/10
  8931 | D:10     | Noticed Snorg
  8950 | D:10     | Killed Snorg
  9789 | D:10     | Found a shimmering blue altar of Sif Muna.
 10280 | D:10     | Bought a scroll labelled KIGGOQ JIX for 34 gold pieces
 10280 | D:10     | Bought a crude lead ring for 170 gold pieces
 10280 | D:10     | Bought a faintly glowing ivory ring for 170 gold pieces
 10280 | D:10     | Bought a bubbling coppery potion for 30 gold pieces
 10280 | D:10     | Bought a glowing ring mail for 238 gold pieces
 10281 | D:10     | Identified the ring "Tidoeziu" {Will+ Int+6} (You bought it
                  | in a shop on level 10 of the Dungeon)
 10283 | D:10     | Identified the ring "Votuf" {rN++ Will+ Str+4 Int+2} (You
                  | bought it in a shop on level 10 of the Dungeon)
 10367 | D:11     | Noticed Urug
 10381 | D:11     | Killed Urug
 10382 | D:11     | Reached skill level 5 in Axes
 10797 | D:11     | Found Vuduorphi's Assorted Antiques.
 10805 | D:11     | Got a bloodstained rapier
 10806 | D:11     | Identified the +8 rapier of Ambiguity {venom, +Blink rPois}
                  | (You found it on level 11 of the Dungeon)
 10820 | D:11     | Bought a glimmering leather armour for 217 gold pieces
 10830 | D:11     | Identified the +0 leather armour of a bazaar {Str+5 Slay+3}
                  | (You bought it in a shop on level 11 of the Dungeon)
 11204 | D:11     | Noticed a brown ugly thing
 11213 | D:11     | Killed a brown ugly thing
 11658 | D:11     | Noticed Erica
 11658 | D:11     | Noticed a two-headed ogre
 11667 | D:11     | Killed Erica
 11671 | D:11     | Killed a two-headed ogre
 11827 | D:11     | Gained mutation: You passively map a small area around you.
                  | [evolution]
 11974 | D:12     | Noticed a tengu warrior
 11976 | D:12     | Noticed a tengu warrior
 11984 | D:12     | Killed a tengu warrior
 11997 | D:11     | Killed a tengu warrior
 11998 | D:11     | Reached XP level 12. HP: 74/106 MP: 11/11
 12135 | D:12     | Reached skill level 5 in Throwing
 12463 | D:12     | Found a staircase to the Orcish Mines.
 12658 | D:12     | Reached skill level 10 in Fighting
 12815 | D:12     | Noticed a boulder beetle
 12832 | D:12     | Killed a boulder beetle
 12833 | D:12     | Reached skill level 10 in Short Blades
 13566 | D:12     | Noticed a boulder beetle
 13570 | D:12     | Killed a boulder beetle
 13749 | D:12     | Noticed a sphinx
 13749 | D:12     | Noticed a yaktaur captain
 13766 | D:12     | Noticed a four-headed hydra
 13766 | D:12     | a sea snake changed into a four-headed hydra
 13768 | D:12     | Killed a yaktaur captain
 13772 | D:12     | Killed a four-headed hydra
 13778 | D:12     | Killed a sphinx
 13779 | D:12     | Reached skill level 11 in Short Blades
 14140 | D:12     | Noticed a fire giant
 14144 | D:12     | HP: 5/108 [fire giant/fireball (37)]
 14145 | D:12     | Killed from afar by a fire giant

Illustrated notes

Levels and vault maps discovered:
D:1:      lightli_arrival_boilingwater, layout_basic
D:2:      cheibrodos_helix_gallery, layout_basic, lightli_temple_of_fire,
          uniq_terence
D:3:      layout_loops_ring, chequers_serial_rivers_micro_a, serial_park_tiny_2
D:4:      layout_loops_ring, serial_shops, shop, nrook_loot_triangle
D:5:      layout_gridville, minmay_shop_grid_forest, kennysheep_slug_shrine,
          uniq_grinder
D:6:      minmay_razor_zed, layout_basic, nemelex_altar_shiori,
          lemuel_doored_altar, kiku_gazebo_pond_becter,
          minmay_temple_entry_mist, minmay_liquid_box,
          kennysheep_generic_room_13
D:7:      layout_basic, riverfiend_overflow_shadow_ancestor,
          nicolae_overflow_crystal_walls, lemuel_coloured_pillars_altar,
          pdpol_wu_jian_five_deadly_venoms
D:8:      layout_cave_pools, uniq_psyche, uniq_pikel
D:9:      layout_rooms, okawaru_ov_weapons_minmay, minmay_lair_entry_grove,
          basic_altar
D:10:     cheibrodos_fzero, layout_cave_pools, serial_park,
          serial_park_tiny_pond, serial_park_tiny_1, serial_park_gazebo
          [serial_park_minivault_5x5_1], serial_park_tiny_pond, chequers_avenue,
          grunt_ministairs_1, item_on_display_a, uniq_snorg
D:11:     layout_basic, serial_shops, shop, uniq_erica, uniq_urug
D:12:     minmay_sliced_demisemicircle, layout_cave_pods,
          minmay_orc_entry_guard_dogs

Skill      XL: |  1  2  3  4  5  6  7  8  9 10 11 12 |
---------------+-------------------------------------+-----
Maces & Flails | 4 5 6 |  6.9
Fighting       | 4 5 6 7 8 9 10 | 10.6
Stealth        | 2 3 4 5 6 |  6.2
Armour         | 2 3 4 6 7 8 9 |  9.3
Dodging        | 4 5 6 7 8 9 |  9.1
Short Blades   | 1 3 5 7 9 11 | 11.0
Throwing       | 1 2 4 5 |  5.3
Shields        | 1 3 5 6 |  6.8
Evocations     | 1 |  1.6
Axes           | 2 6 |  6.7

Action                   |  1- 3 |  4- 6 |  7- 9 | 10-12 || total
-------------------------+-------+-------+-------+-------++-------
Melee: Mace              |    74 |   103 |       |       ||   177
       Headbutt          |    14 |    22 |    46 |   107 ||   189
       Dagger            |       |    26 |   218 |    54 ||   298
       Hand axe          |       |       |       |   130 ||   130
       Rapier            |       |       |       |   164 ||   164
       War axe           |       |       |       |    23 ||    23
Throw: Dart              |       |     2 |     7 |    36 ||    45
       Javelin           |       |       |       |    13 ||    13
Invok: Call Merchant     |       |       |       |     1 ||     1
Evoke: Wand              |       |       |     2 |     7 ||     9
  Use: Scroll            |       |     5 |     8 |     9 ||    22
       Potion            |       |     1 |     1 |     8 ||    10
 Stab: Sleeping          |     2 |     2 |     2 |     7 ||    13
       Distracted        |       |       |     1 |     4 ||     5
       Invisible         |       |       |       |     2 ||     2
Armor: Robe              |    13 |       |       |       ||    13
       Ring mail         |     4 |    40 |    63 |    85 ||   192
       Leather armour    |       |       |       |    34 ||    34
Dodge: Dodged            |    52 |    72 |    94 |   276 ||   494
Block: Other             |       |       |    26 |    86 ||   112
       Reflection        |       |       |     1 |    12 ||    13
